 Dungeon Crawl Stone Soup version 0.29.1-1-gd02db6906a (webtiles) character file.

Game seed: 17526301336983579416

95 DocClef the Firebug (level 4, -3/32 HPs)
             Began as a Gnoll Fire Elementalist on Sept 23, 2022.
             Slain by a scorpion (4 damage)
             ... on level 4 of the Dungeon.
             The game lasted 00:05:02 (3256 turns).

DocClef the Firebug (Gnoll Fire Elementalist)       Turns: 3256, Time: 00:05:03

Health: -3/32      AC:  3    Str:  7    XL:     4   Next: 66%
Magic:  7/11       EV: 13    Int: 16    God:
Gold:   151        SH:  0    Dex: 13    Spells: 12/13 levels left

rFire   . . .      SeeInvis .   h - +0 dagger
rCold   . . .      Faith    .   (no shield)
rNeg    . . .      Spirit   .   a - +0 robe
rPois   .          Reflect  .   p - +1 hat
rElec   .          Harm     .   (no cloak)
rCorr   .          Rampage  .   (no gloves)
Will    .....                   (no boots)
Stlth   +++.......              (no amulet)
HPRegen 0.10/turn               r - ring of wizardry
MPRegen 0.12/turn               (no ring)

@: mighty, attractive
A: fangs 1, strong nose, distributed training
a: no special abilities


You were on level 4 of the Dungeon.
You visited 1 branch of the dungeon, and saw 4 of its levels.

You collected 151 gold pieces.

Inventory:

Hand Weapons
 h - a +0 dagger (weapon)
Armour
 a - a +0 robe (worn)
 p - a +1 hat (worn)
Jewellery
 r - a ring of wizardry (left hand)
Scrolls
 c - a scroll of amnesia {unknown}
 f - 5 scrolls of identify {unknown}
 g - a scroll of fog {unknown}
 i - 2 scrolls of enchant armour {unknown}
 k - 5 scrolls of immolation
 l - a scroll of teleportation {unknown}
 u - 3 scrolls of magic mapping {unknown}
Potions
 b - 3 potions of magic
 d - a potion of attraction
 e - 2 potions of might
 j - 2 potions of curing
 m - a potion of berserk rage {unknown}
 n - 3 potions of heal wounds {unknown}
 o - 2 potions of brilliance {unknown}
 q - a potion of flight {unknown}
 s - a potion of mutation {unknown}
 t - a potion of degeneration {unknown}


   Skills:
 + Level 1.2 Fighting
 + Level 1.2 Short Blades
 + Level 1.2 Long Blades
 + Level 1.2 Axes
 + Level 1.2 Maces & Flails
 + Level 1.2 Polearms
 + Level 1.2 Staves
 + Level 1.2 Ranged Weapons
 + Level 1.2 Throwing
 + Level 1.2 Armour
 + Level 4.7 Dodging
 + Level 4.3 Stealth
 + Level 1.2 Shields
 + Level 1.2 Unarmed Combat
 + Level 5.1 Spellcasting
 + Level 2.3 Conjurations
 + Level 1.0 Hexes
 + Level 1.0 Summonings
 + Level 1.0 Necromancy
 + Level 1.0 Translocations
 + Level 1.0 Transmutations
 + Level 5.5 Fire Magic
 + Level 1.0 Ice Magic
 + Level 1.0 Air Magic
 + Level 1.0 Earth Magic
 + Level 1.0 Poison Magic
 + Level 1.4 Invocations
 + Level 1.2 Evocations


You had 12 spell levels left.
You knew the following spells:

 Your Spells              Type           Power      Damage    Failure   Level
a - Foxfire               Conj/Fire      64%        2x1d7     1%          1

Your spell library contained the following spells:

 Spells                   Type           Power      Damage    Failure   Level
 Scorch                   Fire           42%        2d7       1%          2
 Conjure Flame            Conj/Fire      16%        6-21      3%          3
 Beastly Appendage        Tmut           14%        N/A       4%          1
 Sandblast                Erth           14%        2d6       4%          1
 Sting                    Tmut/Pois      28%        1d4       4%          1
 Summon Small Mammal      Summ           28%        N/A       4%          1
 Inner Flame              Hex/Fire       14%        N/A       4%          3
 Blink                    Tloc           14%        N/A       6%          2
 Passwall                 Tmut/Erth      5%         N/A       6%          2
 Poisonous Vapours        Pois/Air       14%        N/A       6%          2
 Wereblood                Tmut           7%         N/A       6%          2
 Stone Arrow              Conj/Erth      18%        3d8       9%          3
 Call Canine Familiar     Summ           7%         N/A       12%         3
 Spider Form              Tmut/Pois      7%         N/A       12%         3
 Summon Guardian Golem    Hex/Summ       7%         N/A       12%         3
 Flame Wave               Conj/Fire      16%        2d7       12%         4
 Olgreb's Toxic Radiance  Pois           7%         N/A       34%         4
 Manifold Assault         Tloc           7%         N/A       69%         5
 Storm Form               Tmut/Air       3%         N/A       100%        7


Dungeon Overview and Level Annotations

Branches:
Dungeon (4/15)
 Temple: D:4-7

Altars:
Fedhas

Shops:
D:4 *

Annotations:
D:3 Terence


Innate Abilities, Weirdness & Mutations

You have very sharp teeth.
Your uncanny sense of smell can sniff out nearby items.
Your experience applies equally to all skills.


Message History

The foxfire hits the scorpion but does no damage.
The scorpion is heavily wounded.
The scorpion stings you but does no damage.
You conjure some foxfire!
You feel sick. The scorpion stings you.
You barely miss the scorpion. Your bite misses the scorpion.
The scorpion is heavily wounded.
You feel sick.
The foxfire hits the scorpion but does no damage.
The scorpion is heavily wounded.
The scorpion stings you!
* * * LOW HITPOINT WARNING * * *
The foxfire hits the scorpion but does no damage.
The scorpion is heavily wounded.
You hit the scorpion but do no damage.
The scorpion is heavily wounded.
You feel sick. The scorpion closely misses you.
It was a potion of attraction.
You feel attractive to monsters.
You feel sick. The scorpion closely misses you.
The scorpion stings you but does no damage.
It was a potion of might.
You feel very mighty all of a sudden.
You feel sick. The scorpion misses you.
It was a potion of curing.
You feel better. The scorpion stings you.
You hit the scorpion.
The scorpion is severely wounded.
The scorpion closely misses you.
You completely miss the scorpion.
The scorpion is severely wounded.
The scorpion stings you.
* * * LOW HITPOINT WARNING * * *
You barely miss the scorpion.
The scorpion is severely wounded.
The scorpion stings you.
* * * LOW HITPOINT WARNING * * *
You are too injured to fight recklessly!
Casting: Foxfire (safe; 1% risk of failure)
Confirm with . or Enter, or press ? or * to list all spells.
You conjure some foxfire!
The scorpion stings you.
You die...

###...######.......#
#...# ##.#.##.#
#...# #...##.# #...#
#..###.####### #....
#..#..........
###...## #
#......##.....
....... ...##.#.###
.... ........
......v.# ... .....
...##..@# .. ###..
## #..vs...... .
#..###[#... #.. #
#.. ∆ #.. ∆ ..# #.#
∆


You could see a scorpion (ally target).

Vanquished Creatures
  3 adders
  An ufetubus (D:4)
  A worm (D:2)
  2 dart slugs
  8 orcs
  4 endoplasms
  2 giant cockroaches (D:2)
  4 goblins
  4 hobgoblins
  3 quokkas
  3 ball pythons
  2 bats
  5 frilled lizards
  A kobold (D:2)
  6 rats
49 creatures vanquished.

Vanquished Creatures (others)
  232 foxfires
232 creatures vanquished.

Grand Total: 281 creatures vanquished

Notes
Turn   | Place    | Note
-------+----------+-------------------------------------------
     0 | D:1      | DocClef the Gnoll Fire Elementalist began the quest for the
                  | Orb.
     0 | D:1      | Reached XP level 1. HP: 13/13 MP: 6/6
   474 | D:1      | Reached XP level 2. HP: 19/19 MP: 4/7
  1114 | D:2      | Reached skill level 5 in Spellcasting
  1114 | D:2      | Reached XP level 3. HP: 25/25 MP: 2/9
  1687 | D:2      | Reached skill level 1 in Invocations
  1844 | D:2      | Found a faded altar of an unknown god.
  1957 | D:2      | Reached skill level 1 in Fighting
  1957 | D:2      | Reached skill level 1 in Short Blades
  1957 | D:2      | Reached skill level 1 in Long Blades
  1957 | D:2      | Reached skill level 1 in Axes
  1957 | D:2      | Reached skill level 1 in Maces & Flails
  1957 | D:2      | Reached skill level 1 in Polearms
  1957 | D:2      | Reached skill level 1 in Staves
  1957 | D:2      | Reached skill level 1 in Ranged Weapons
  1957 | D:2      | Reached skill level 1 in Throwing
  1957 | D:2      | Reached skill level 1 in Armour
  1957 | D:2      | Reached skill level 1 in Shields
  1957 | D:2      | Reached skill level 1 in Unarmed Combat
  1957 | D:2      | Reached skill level 1 in Evocations
  2272 | D:3      | Reached XP level 4. HP: 19/32 MP: 4/11
  2540 | D:3      | Found a blossoming altar of Fedhas.
  2645 | D:3      | Reached skill level 1 in Hexes
  2645 | D:3      | Reached skill level 1 in Summonings
  2645 | D:3      | Reached skill level 1 in Necromancy
  2645 | D:3      | Reached skill level 1 in Translocations
  2645 | D:3      | Reached skill level 1 in Transmutations
  2645 | D:3      | Reached skill level 1 in Ice Magic
  2645 | D:3      | Reached skill level 1 in Air Magic
  2645 | D:3      | Reached skill level 1 in Earth Magic
  2645 | D:3      | Reached skill level 1 in Poison Magic
  2776 | D:3      | Noticed Terence
  3156 | D:4      | Found Qoytit's Neck Hole.
  3241 | D:4      | Noticed a scorpion
  3255 | D:4      | HP: 1/32 [scorpion (5)]
  3256 | D:4      | Slain by a scorpion

Illustrated notes

Levels and vault maps discovered:
D:1:      shiori_shiawase, layout_basic
D:2:      layout_loops_ring, hellmonk_ecumenical_altar_blasted,
          kennysheep_flooded_box
D:3:      layout_basic, mainiacjoe_overflow_alcove_1, kennysheep_generic_room_7,
          uniq_terence, uniq_jessica
D:4:      layout_loops_cross, nicolae_shop_sticking_my_neck_out

Skill      XL: |  1  2  3  4 |
---------------+-------------+-----
Conjurations   | 2 |  2.3
Spellcasting   | 5 |  5.1
Invocations    | 1 |  1.4
Fighting       | 1 |  1.2
Short Blades   | 1 |  1.2
Long Blades    | 1 |  1.2
Axes           | 1 |  1.2
Maces & Flails | 1 |  1.2
Polearms       | 1 |  1.2
Staves         | 1 |  1.2
Ranged Weapons | 1 |  1.2
Throwing       | 1 |  1.2
Armour         | 1 |  1.2
Shields        | 1 |  1.2
Unarmed Combat | 1 |  1.2
Evocations     | 1 |  1.2
Hexes          | 1 |  1.0
Summonings     | 1 |  1.0
Necromancy     | 1 |  1.0
Translocations | 1 |  1.0
Transmutations | 1 |  1.0
Ice Magic      | 1 |  1.0
Air Magic      | 1 |  1.0
Earth Magic    | 1 |  1.0
Poison Magic   | 1 |  1.0
Dodging        | |  4.7
Stealth        | |  4.3
Fire Magic     | |  5.5

Action                   |  1- 3 |  4- 6 || total
-------------------------+-------+-------++-------
Melee: Dagger            |     7 |    10 ||    17
       Bite              |     1 |     1 ||     2
 Cast: Foxfire           |    91 |    43 ||   134
  Use: Potion            |       |     3 ||     3
Armor: Robe              |     2 |     2 ||     4
Dodge: Dodged            |     6 |    10 ||    16
